Map: Hecate LE

Players

GrimReaper - Winner!

  • Race: Protoss Protoss
  • League: Diamond
  • Spawn Location: 7:00

SubN

  • Race: Zerg Zerg
  • League: Diamond
  • Spawn Location: 1:00

VOD

Have the link to the VOD?

Description

Time

  • Played on: Jan. 18, 2024, 6:17 p.m.
  • Length: 8:29
Show
View Real Time Build Order
Export as new Build Order

GrimReaper Protoss - Winner!

Build Orders: 1 Gate Expand 

Get SALT Encoding   

  12  0:00  Probe  
  13  0:12  Probe  
  14  0:18  Pylon  
  14  0:24  Probe  
  15  0:37  Probe  
  15  0:41  Gateway  
  16  0:49  Probe  
  17  0:50  Assimilator  
  17  1:05  Probe  
  18  1:18  Probe  
  19  1:27  Nexus  
  19  1:30  Probe  
  20  1:42  Probe  
  20  1:43  Cybernetics Core  
  21  1:54  Pylon, Probe  
  21  1:58  Assimilator  
  22  2:06  Probe  
  23  2:17  Adept (Chrono Boost)  
  23  2:18  Probe  
  26  2:27  Pylon  
  26  2:32  Shield Battery  
  26  2:33  Probe  
  27  2:39  Robotics Facility  
  27  2:44  Adept (Chrono Boost)  
  27  2:45  Probe  
  30  2:53  Warp Gate (Chrono Boost), Probe  
  30  2:57  Probe  
  32  3:05  Probe  
  33  3:09  Probe  
  33  3:12  Stalker (Chrono Boost)  
  34  3:17  Probe  
  37  3:20  Assimilator  
  37  3:22  Probe, Assimilator  
  38  3:29  Probe  
  38  3:34  Probe  
  39  3:39  Observer (Chrono Boost)  
  40  3:41  Probe  
  40  3:46  Probe  
  42  3:53  Immortal, Probe  
  47  3:58  Probe  
  48  4:05  Probe  
  49  4:10  Probe  
  49  4:15  Gateway  
  50  4:17  Probe  
  50  4:19  Pylon  
  50  4:22  Probe  
  52  4:29  Probe  
  53  4:32  Pylon  
  53  4:35  Probe  
  53  4:38  Immortal (Chrono Boost), Stalker  
  58  4:39  Pylon  
  58  4:42  Probe  
  61  5:02  Gateway  
  61  5:10  Immortal (Chrono Boost)  
  65  5:16  Gateway  
  65  5:19  Gateway  
  65  5:20  Gateway  
  65  5:23  Gateway  
  65  5:26  Gateway  
  65  5:29  Pylon  
  65  5:31  Sentry  
  65  5:33  Sentry  
  69  5:36  Immortal (Chrono Boost)  
  72  5:49  Pylon  
  72  5:50  Pylon  
  72  5:56  Pylon  
  72  5:59  Pylon, Sentry x3  
  72  6:01  Pylon  
  72  6:03  Pylon  
  78  6:05  Warp Prism (Chrono Boost)  
  78  6:10  Pylon  
  80  6:13  Pylon  
  80  6:17  Sentry x2  
  84  6:18  Sentry  
  84  6:21  Sentry x2  
  84  6:23  Sentry  
  84  6:25  Sentry  
  94  6:42  Stalker x3  
  94  6:43  Stalker  
  102  7:07  Stalker x4  
  102  7:08  Stalker x2  
  114  7:11  Stalker  
  116  7:21  Stalker  
  90  7:37  Stalker x3  
  90  7:38  Stalker  
  90  7:39  Stalker  
  88  8:05  Stalker x3  
  92  8:06  Stalker x3  
  96  8:23  Stalker x2  
  96  8:29  Stalker x3  
Show
View Real Time Build Order
Export as new Build Order

SubN Zerg 

Build Orders: Hatch First 

Get SALT Encoding   

  12  0:00  Drone  
  13  0:12  Overlord  
  13  0:17  Drone  
  14  0:30  Drone x2  
  16  0:49  Hatchery  
  15  0:54  Drone  
  16  1:07  Spawning Pool  
  16  1:09  Drone  
  16  1:36  Drone  
  16  1:37  Drone  
  18  1:41  Hatchery  
  17  1:47  Drone  
  17  1:50  Extractor  
  17  1:53  Drone  
  18  1:55  Queen  
  18  1:59  Drone  
  21  2:09  Queen  
  21  2:12  Drone  
  24  2:17  Drone  
  25  2:28  Drone  
  25  2:29  Drone x2  
  28  2:37  Overlord  
  28  2:38  Overlord  
  28  2:50  Overlord  
  28  2:53  Queen  
  28  2:58  Zergling x2  
  31  3:06  Drone x4  
  31  3:12  Lair  
  35  3:15  Drone  
  36  3:26  Metabolic Boost  
  36  3:36  Queen  
  36  3:39  Drone x6  
  44  3:48  Roach Warren  
  43  3:50  Overlord  
  43  3:54  Overlord  
  43  4:01  Drone x3  
  46  4:05  Extractor  
  46  4:06  Extractor  
  44  4:11  Drone  
  44  4:12  Drone x2, Extractor  
  44  4:13  Drone x2  
  44  4:14  Drone  
  49  4:17  Drone  
  49  4:18  Drone  
  49  4:21  Overlord  
  51  4:25  Overlord  
  51  4:28  Overlord  
  51  4:36  Glial Reconstitution  
  51  4:41  Overlord  
  51  4:42  Evolution Chamber  
  51  4:43  Evolution Chamber  
  51  4:44  Overlord  
  49  4:46  Drone  
  49  4:47  Drone  
  49  4:48  Drone  
  49  4:51  Drone  
  53  4:57  Roach  
  53  4:58  Roach x2  
  59  5:02  Overlord  
  59  5:05  Overlord  
  59  5:09  Zerg Missile Weapons Level 1  
  59  5:13  Overseer  
  59  5:19  Overseer  
  59  5:26  Overlord  
  59  5:27  Zergling x2  
  60  5:29  Drone x8  
  68  5:38  Zerg Ground Armor Level 1  
  68  5:44  Queen  
  68  5:45  Queen  
  72  5:53  Drone  
  72  5:55  Baneling Nest  
  72  5:56  Roach x3  
  78  6:02  Ravager  
  78  6:03  Ravager x2  
  80  6:05  Zergling x4  
  80  6:06  Zergling x8  
  86  6:17  Drone  
  87  6:22  Spire  
  86  6:27  Spore Crawler  
  86  6:28  Zergling x20  
  95  6:41  Queen  
  95  6:42  Queen  
  95  6:44  Drone x5  
  104  6:47  Extractor  
  103  7:00  Ravager  
  104  7:02  Roach x6  
  104  7:03  Roach  
  104  7:04  Zergling x2  
  104  7:05  Zergling x4  
  104  7:06  Baneling  
  104  7:07  Baneling x4  
  121  7:16  Zergling x2  
  121  7:17  Overlord x3  
  92  7:37  Zergling x2  
  92  7:38  Zergling x18  
  85  7:47  Zergling x2  
  80  7:55  Roach x5  
  79  7:59  Baneling x4  
  79  8:00  Baneling x3  
  79  8:01  Roach x2  
Tags
 
Add a new tag
Caveats
  • Supply blocks, unpowered buildings, or Contaminate may cause inaccurate times.
  • Supply counts are checked every 10 seconds.